AoeStats
← 旺旺

Black Forest

511041830Analyzed
3v3 RM · 9h ago on Oct 3, 2026· 58m 33s· 6 players
Game mode
Random Map
Map size
Normal (6 player)
Population
200
Speed
Normal
Resources
Standard
Victory
Conquest
Starting age
Dark Age
Ending age
Imperial Age
RankedLock teamsTeams togetherTeam positionsShared explorationLock speedFull tech treeHidden civsTurbo modeCheats
Victory
Defeat
🇨🇳 Franks · China
892
+18
🇨🇳 Persians · China
859
+19
🇭🇰 Persians · Hong Kong SAR China
843
+20
🇹🇼 Persians · Taiwan
971
-20
🇹🇼 Bohemians · Taiwan
939
-19
🇹🇼 Varangians · Taiwan
894
-23
Ming
0:36 Loom
12:25 Feudal Age
15:40 Double-Bit Axe
23:37 Castle Age
21:20 Horse Collar
22:54 Stone Mining
22:58 Gold Mining
25:50 Bow Saw
30:49 Imperial Age
31:42 Scale Barding Armor
31:48 Forging
32:30 Wheelbarrow
32:59 Two-Man Saw
32:51 Gold Shaft Mining
34:02 Conscription
33:43 Kamandaran
36:31 Chemistry
35:49 Heavy Plow
36:11 Chain Barding Armor
37:51 Hand Cart
37:52 Bloodlines
37:42 Husbandry
39:09 Plate Barding Armor
39:00 Elite War Elephant
40:25 Elite Skirmisher
43:33 Iron Casting
42:48 Fletching
46:05 Blast Furnace
45:01 Bodkin Arrow
47:32 Padded Archer Armor
47:32 Scale Mail Armor
47:28 Pikeman
48:08 Squires
47:54 Arson
56:37 Heavy Camel Rider
58:46 Chain Mail Armor
彬彬有礼
1:55 Loom
14:06 Feudal Age
18:06 Castle Age
17:08 Double-Bit Axe
28:03 Bow Saw
28:58 Wheelbarrow
32:55 Imperial Age
30:45 Hand Cart
30:57 Husbandry
30:51 Gold Mining
30:51 Stone Mining
33:34 Forging
33:30 Scale Barding Armor
33:25 Scale Mail Armor
33:26 Padded Archer Armor
33:17 Fletching
33:00 Cavalier
35:16 Gold Shaft Mining
36:03 Chemistry
34:45 Treadmill Crane
35:16 Masonry
36:04 Chain Barding Armor
36:00 Chain Mail Armor
35:57 Paladin
37:02 Conscription
37:37 Elite Throwing Axeman
38:19 Chivalry
38:53 Pikeman
39:35 Squires
39:22 Arson
39:25 Gambesons
41:23 Ballistics
41:33 Architecture
41:09 Siege Engineers
41:02 Murder Holes
40:32 Halberdier
58:46 Plate Barding Armor
58:47 Iron Casting
58:28 Leather Archer Armor
58:43 Plate Mail Armor
58:09 Bodkin Arrow
旺旺
11:20 Feudal Age
11:45 Double-Bit Axe
19:28 Castle Age
18:09 Stone Mining
18:12 Horse Collar
20:11 Heavy Plow
20:25 Bow Saw
24:42 Gold Mining
28:13 Imperial Age
29:30 Two-Man Saw
29:20 Wheelbarrow
30:22 Crop Rotation
30:47 Hand Cart
32:32 Scale Barding Armor
32:37 Forging
32:28 Scale Mail Armor
34:10 Chain Barding Armor
38:11 Gold Shaft Mining
38:58 Plate Barding Armor
38:59 Iron Casting
38:39 Chain Mail Armor
38:46 Elite War Elephant
39:49 Conscription
41:16 Arson
40:53 Pikeman
41:36 Squires
42:25 Plate Mail Armor
42:56 Blast Furnace
42:22 Husbandry
42:33 Bloodlines
43:06 Halberdier
57:00 Heavy Scorpion
George
0:32 Loom
11:54 Feudal Age
13:24 Double-Bit Axe
20:21 Castle Age
21:57 Bow Saw
21:18 Pikeman
31:53 Imperial Age
29:39 Horse Collar
33:11 Heavy Plow
34:15 Two-Man Saw
34:21 Wheelbarrow
34:55 Fishing Lines
36:22 Chemistry
35:58 Hand Cart
36:37 Gillnets
36:58 Houfnice
38:15 Masonry
38:16 Fortified Wall
38:48 Forging
38:39 Scale Mail Armor
38:50 Squires
41:37 Chain Mail Armor
42:23 Halberdier
44:04 Plate Mail Armor
44:10 Iron Casting
44:31 Wagenburg Tactics
44:47 Conscription
48:27 Iron Casting
50:53 Plate Mail Armor
51:24 Blast Furnace
宇.
7:34 Loom
12:09 Feudal Age
11:00 Loom
13:04 Horse Collar
15:49 Double-Bit Axe
17:06 Wheelbarrow
21:04 Castle Age
20:17 Gold Mining
20:17 Stone Mining
25:55 Imperial Age
25:01 Heavy Plow
26:02 Bow Saw
28:31 Hand Cart
30:27 Crop Rotation
31:47 Town Watch
33:04 Forging
33:00 Scale Barding Armor
33:53 Conscription
33:54 Elite Jarl
35:50 Stone Shaft Mining
35:57 Iron Casting
35:42 Chain Barding Armor
36:29 Guilds
36:20 Caravan
37:37 Town Patrol
38:41 Blast Furnace
38:01 Chain Barding Armor
37:50 Vendel Legacy
40:40 Two-Man Saw
40:14 Husbandry
40:25 Bloodlines
42:53 Plate Barding Armor
54:09 Arson
54:25 Squires
54:11 Gambesons
54:03 Elite Varangian Guard
54:10 Pikeman
54:38 Halberdier
55:26 Scale Mail Armor
Eason
0:33 Loom
13:03 Feudal Age
14:29 Double-Bit Axe
17:01 Castle Age
14:50 Horse Collar
16:31 Stone Mining
17:22 Fletching
19:52 Heavy Plow
24:48 Scale Barding Armor
26:06 Wheelbarrow
27:05 Caravan
27:38 Chain Barding Armor
30:46 Imperial Age
29:28 Forging
29:34 Bodkin Arrow
30:09 Gold Mining
31:31 Husbandry
32:09 Conscription
32:27 Hoardings
32:07 Citadels
32:38 Stone Shaft Mining
33:33 Crop Rotation
33:31 Ballistics
34:12 Chemistry
33:23 Masonry
33:12 Murder Holes
33:55 Iron Casting
33:11 Town Watch
34:47 Elite War Elephant
36:59 Hand Cart
36:48 Town Patrol
37:00 Bow Saw
37:27 Gold Shaft Mining
39:23 Crossbowman
40:41 Architecture
41:02 Bloodlines
41:01 Thumb Ring
42:00 Blast Furnace
41:36 Plate Barding Armor
41:02 Padded Archer Armor
41:17 Kamandaran
47:44 Pikeman
48:25 Squires
48:11 Gambesons
49:05 Halberdier
49:48 Scale Mail Armor
53:09 Arson
53:41 Chain Mail Armor
Connection lost

Rejoining the realm…

Still unreachable

The connection could not be restored.

Session expired

The server has moved on; the page needs a fresh start.